 Dungeon Crawl Stone Soup version 0.29-a0-393-g47a863cc1b (webtiles) character file.

Game seed: 2572649900036408574

48 HendSelp the Grasshopper (level 3, -1/33 HPs)
             Began as a Naga Warper on May 10, 2022.
             Slain by a worm (10 damage)
             ... on level 2 of the Dungeon.
             The game lasted 00:01:02 (1243 turns).

HendSelp the Grasshopper (Naga Warper)              Turns: 1243, Time: 00:01:03

Health: -1/33      AC:  2    Str: 15    XL:     3   Next: 72%
Magic:  6/6        EV:  9    Int: 13    God:
Gold:   60         SH:  0    Dex: 10    Spells: 6/6 levels left

rFire   . . .      SeeInvis +   a - +0 mace
rCold   . . .      Faith    .   (no shield)
rNeg    . . .      Spirit   .   b - +0 leather armour
rPois   +          Reflect  .   (no helmet)
rElec   .          Harm     .   (no cloak)
rCorr   .          Rampage  .   (no gloves)
Will    .....                   (no barding)
Stlth   +.........              (no amulet)
HPRegen 0.11/turn               (no ring)
MPRegen 0.10/turn               (no ring)

@: short of breath, very slow
A: AC +1, large, see invisible, deformed body, poison resistance, slowness 2,
spit poison 1, naga tail 1
a: Spit Poison


You were on level 2 of the Dungeon.
You visited 1 branch of the dungeon, and saw 2 of its levels.

You collected 60 gold pieces.

Inventory:

Hand Weapons
 a - a +0 mace (weapon)
Missiles
 d - 6 boomerangs of dispersal
Armour
 b - a +0 leather armour (worn)
Scrolls
 c - a scroll of blinking
Potions
 e - 2 potions of attraction {unknown}
 f - a potion of magic {unknown}
 h - a potion of degeneration {unknown}
 i - a potion of heal wounds {unknown}


   Skills:
 + Level 2.4 Fighting
 + Level 2.7 Maces & Flails
 - Level 0.8 Throwing
 - Level 0.7 Armour
 - Level 1.5 Dodging
 + Level 2.2 Spellcasting
 + Level 3.6 Translocations


You had 6 spell levels left.
You didn't know any spells.
Your spell library contained the following spells:

 Spells                   Type           Power      Damage    Failure   Level
 Blink                    Tloc           20%        N/A       11%         2
 Gell's Gravitas          Tloc           10%        N/A       21%         3
 Lesser Beckoning         Tloc           10%        N/A       21%         3
 Teleport Other           Tloc           10%        N/A       21%         3
 Manifold Assault         Tloc           10%        N/A       88%         5


Dungeon Overview and Level Annotations

Branches:
Dungeon (2/15)

Altars:


Innate Abilities, Weirdness & Mutations

Your serpentine skin is tough. (AC +1)
You have supernaturally acute eyesight. (SInv)
Armour fits poorly on your strangely shaped body.
Your system is resistant to poisons. (rPois)
You cover ground very slowly.
You can spit poison.
You have a snake-like lower body.


Message History

The worm is heavily wounded.
The worm bites you!
You can't do that yet.
A worm is nearby!
You hit the worm.
The worm is heavily wounded.
The worm bites you!
You can't do that yet.
You are too injured to fight recklessly!
A worm is nearby!
You can't do that yet.
A worm is nearby!
You are too injured to fight recklessly!
You can't do that yet.
A worm is nearby!
You are too injured to fight recklessly!
You can't do that yet.
Unknown command.
You are too injured to fight recklessly!
You can't do that yet.
You are too injured to fight recklessly!
You are too injured to fight recklessly!
You hit the worm.
The worm is severely wounded.
The worm bites you.
* * * LOW HITPOINT WARNING * * *
You are too injured to fight recklessly!
You are too injured to fight recklessly!
You barely miss the worm.
The worm is severely wounded.
You have got your breath back.
You are too injured to fight recklessly!
Aiming: Spit Poison (2% risk of failure)
Press: ? - help, Q - select action, (/) - cycle Shift-Dir - straight line, f/p - worm
Aim: a worm (severely wounded, 86% to hit)
The splash of poison hits the worm.
The worm is almost dead.
The ball python hisses angrily.
The worm bites you!
You die...

##......##
##........... ..
#...............
#..........#....
#......)...#$..
#....[........
#.)........# .
##.<......##....
#.....!.@w....#
#.............?.
#...............
#...............
#...............
##............=.
##.........S...
##..........#.


You could see a worm and a ball python.

Vanquished Creatures
  2 dart slugs (D:1)
  5 endoplasms (D:1)
  2 giant cockroaches (D:1)
  4 goblins
  3 hobgoblins (D:1)
  4 jackals (D:1)
  3 quokkas (D:1)
  2 ball pythons (D:1)
  6 bats (D:1)
  2 frilled lizards (D:1)
  3 kobolds (D:1)
  3 rats (D:1)
39 creatures vanquished.

Notes
Turn   | Place    | Note
-------+----------+-------------------------------------------
     0 | D:1      | HendSelp the Naga Warper began the quest for the Orb.
     0 | D:1      | Reached XP level 1. HP: 19/19 MP: 3/3
    79 | D:1      | Reached XP level 2. HP: 14/26 MP: 5/5
   521 | D:1      | Reached XP level 3. HP: 21/32 MP: 6/6
  1111 | D:1      | Found a faded altar of an unknown god.
  1111 | D:1      | Noticed a blizzard demon
  1243 | D:2      | Slain by a worm

Illustrated notes

Levels and vault maps discovered:
D:1:      roderic_crossed_star, layout_rooms,
          dreamdust_ecumenical_altar_sealed_demon
D:2:      layout_rooms, basic_altar

Action                   || total
-------------------------++-------
Melee: Mace              ||    73
Throw: Boomerang         ||     1
 Abil: Spit Poison       ||    32
  Use: Scroll            ||     2
Armor: Leather armour    ||    43
Dodge: Dodged            ||    55

Table legend: (Time is in decaauts)
 A = Elapsed time spent in this place.
 B = Non-inter-level travel time spent in this place.
 C = Inter-level travel time spent in this place.
 D = Time resting spent in this place.
 E = Time spent auto-exploring this place.
 F = Levels seen in this place.
 G = Mean time per level.
                   A        B        C        D        E       F      G
               +--------+--------+--------+--------+--------+-----+--------+
         Total |   1449 |   1406 |     43 |      0 |   1164 |   2 |  724.5 |
       Dungeon |   1449 |   1406 |     43 |      0 |   1164 |   2 |  724.5 |
               +--------+--------+--------+--------+--------+-----+--------+

Top non-repeatable levels by time:
     D:1: 1432 daAuts
     D:2: 17 daAuts
